 Dungeon Crawl Stone Soup version 0.29-a0-344-ge2f44be95a (webtiles) character file.

Game seed: 8649482028039317040

8005 Dauddaud the Severer (level 11, 0/123 HPs)
             Began as a Minotaur Berserker on Apr 21, 2022.
             Was a High Priest of Trog.
             Succumbed to Sonja's poison
             ... on level 10 of the Dungeon.
             The game lasted 00:17:21 (7743 turns).

Dauddaud the Severer (Minotaur Berserker)           Turns: 7743, Time: 00:17:21

Health: 0/123      AC: 16    Str: 26    XL:     11   Next: 4%
Magic:  10/10      EV: 10    Int:  4    God:    Trog [*****.]
Gold:   465        SH:  5    Dex: 10    Spells: 10/10 levels left

rFire   x . .      SeeInvis .   K - +0 battleaxe
rCold   + + .      Faith    .   (shield currently unavailable)
rNeg    . . .      Spirit   .   w - +7 Kryia's mail coat {PotionHeal*2 rC+}
rPois   .          Reflect  +   (helmet restricted)
rElec   .          Harm     .   F - +1 cloak
rCorr   .          Rampage  .   m - +0 pair of gloves
Will    ++...                   (no boots)
Stlth   ..........              a - amulet of reflection
HPRegen 1.30/turn               r - ring of ice
MPRegen 0.12/turn               (no ring)

@: berserking (expiring), lethally poisoned (0 -> -27), strong-willed,
regenerating, slowed
A: horns 2, retaliatory headbutt
a: Renounce Religion, Berserk, Trog's Hand, Brothers in Arms


You were on level 10 of the Dungeon.
You worshipped Trog.
Trog was extremely pleased with you.
You visited 1 branch of the dungeon, and saw 10 of its levels.

You collected 465 gold pieces.

Inventory:

Hand Weapons
 x - a +0 broad axe
 K - a +0 battleaxe (weapon)
Missiles
 j - 3 throwing nets (quivered)
Armour
 m - a +0 pair of gloves (worn)
 w - the +7 Kryia's mail coat (worn) {PotionHeal*2 rC+}
   (You found it on level 4 of the Dungeon)

   Potions are twice as effective at healing its wearer.
   rC:        It protects you from cold.
 F - a +1 cloak (worn)
 J - a scarf of repulsion
Jewellery
 a - an amulet of reflection (around neck)
 d - an amulet of regeneration
 r - a ring of ice (left hand)
 G - an amulet of the acrobat
 I - a ring of poison resistance
Wands
 u - a wand of acid (8)
 y - a wand of digging (2)
 A - a wand of flame (14)
Scrolls
 c - 5 scrolls of identify
 e - 2 scrolls of fog
 f - 11 scrolls of teleportation
 g - 2 scrolls of noise
 h - 2 scrolls of enchant armour
 l - a scroll of immolation
 q - 5 scrolls of fear
 t - 2 scrolls of magic mapping
 z - a scroll of blinking
 B - a scroll of torment
 D - 2 scrolls of summoning
 H - a scroll of vulnerability
 M - a scroll of enchant weapon {unknown}
Potions
 b - a potion of invisibility {unknown}
 i - 3 potions of attraction {unknown}
 k - 4 potions of lignification {unknown}
 n - a potion of berserk rage {unknown}
 o - 3 potions of haste {unknown}
 p - 7 potions of curing {unknown}
 s - 4 potions of ambrosia {unknown}
 v - a potion of magic {unknown}
 C - a potion of heal wounds {unknown}
 E - a potion of might
 L - a potion of mutation {unknown}


   Skills:
 - Level 3.6 Fighting
 + Level 19.8 Axes
 - Level 2.4 Armour
 - Level 2.1 Dodging


You had 10 spell levels left.
You didn't know any spells.
Your spell library was empty.

Dungeon Overview and Level Annotations

Branches:
Dungeon (10/15)            Temple (0/1) D:5            Lair (0/6) D:8
    Orc: D:9-12

Altars:
Cheibriados
Dithmenos
Fedhas
Gozag
Kikubaaqudgha
Qazlal
Ru
Trog
Uskayaw
Xom
Yredelemnul
The Shining One

Annotations:
D:8 2 transporters, Morbidden's ghost, novice DsCj
D:10 Sonja


Innate Abilities, Weirdness & Mutations

You have a pair of horns on your head.
You reflexively headbutt those who attack you in melee.


Message History

You are more poisoned.
Sonja hits you but does no damage.
You are more poisoned.
Sonja hits you but does no damage. x2
You are more poisoned.
Sonja hits you with a +3 short sword of venom.
You are lethally poisoned!
A red film seems to cover your vision as you go berserk!
You feel yourself moving faster!
You feel mighty!
You feel extremely sick.
Sonja hits you with a +3 short sword of venom.
You are lethally poisoned!
Sonja hits you with a +3 short sword of venom.
You are more poisoned.
Sonja barely misses you. You block Sonja's attack. x2
Sonja hits you but does no damage.
You are more poisoned.
You completely miss Sonja. Your headbutt misses Sonja.
* * * LOW HITPOINT WARNING * * *
You feel extremely sick.
Sonja mumbles some strange words.
Sonja blinks!
You slice the wraith!!
The wraith is heavily damaged.
* * * LOW HITPOINT WARNING * * *
You feel extremely sick. The wraith barely misses you.
You barely miss the wraith.
You headbutt the wraith, but do no damage.
The wraith is heavily damaged.
* * * LOW HITPOINT WARNING * * *
You feel extremely sick.
You closely miss the wraith. You headbutt the wraith.
The wraith is heavily damaged.
* * * LOW HITPOINT WARNING * * *
You feel extremely sick. The wraith closely misses you.
You closely miss the wraith.
The wraith is heavily damaged.
You die...

########.#
.........#
.........#
.........#
.........#
.........#
.........#
########.#
#@# #W#
#K# ..#
..# ...#
####


You could see a wraith and Sonja.

Vanquished Creatures
  3 death yaks (D:7)
  3 slime creatures (D:6)
  Sigmund (D:7)
  A shadow (D:9)
  2 wyverns (D:8)
  12 yaks
  A steam dragon (D:8)
  An acid dragon (D:8)
  2 orc warriors
  2 ice beasts
  A hornet zombie (D:6)
  3 centaurs
  2 phantoms
  3 bullfrogs
  3 kobold brigands
  A gnoll sergeant (D:7)
  4 necrophages
  2 scorpions
  6 wights
  A water moccasin zombie (D:6)
  2 howler monkeys
  A bullfrog zombie (D:6)
  A centaur zombie (D:6)
  4 jellies
  3 orc priests
  A gnoll shaman (D:9)
  Crazy Yiuf (D:5)
  2 hounds
  6 iguanas
  3 hell rats (D:8)
  2 orc wizards
  16 gnolls
  A river rat (D:8)
  8 adders
  A shadow imp (D:5)
  3 worms
  3 dart slugs
  28 orcs
  7 ball pythons
  6 endoplasms
  17 giant cockroaches
  6 goblins
  7 hobgoblins
  4 jackals
  6 quokkas
  5 bats
  5 frilled lizards
  20 kobolds
  3 rats
  A bush (D:6)
227 creatures vanquished.

Vanquished Creatures (others)
  5 fungi (D:6)
  12 plants
  5 toadstools (D:6)
22 creatures vanquished.

Grand Total: 249 creatures vanquished

Notes
Turn   | Place    | Note
-------+----------+-------------------------------------------
     0 | D:1      | Dauddaud the Minotaur Berserker began the quest for the
                  | Orb.
     0 | D:1      | Reached XP level 1. HP: 19/19 MP: 0/0
    71 | D:1      | Reached skill level 4 in Axes
   117 | D:1      | Found a faded altar of an unknown god.
   125 | D:1      | Reached XP level 2. HP: 22/26 MP: 1/1
   343 | D:1      | Reached ** piety under Trog
   344 | D:1      | Reached skill level 5 in Axes
   452 | D:1      | Reached XP level 3. HP: 31/31 MP: 2/2
   761 | D:2      | Found a hide-covered altar of Uskayaw.
   848 | D:2      | Reached skill level 6 in Axes
   848 | D:2      | Reached XP level 4. HP: 13/39 MP: 3/3
  1269 | D:3      | Reached XP level 5. HP: 45/45 MP: 4/4
  1343 | D:3      | Reached skill level 7 in Axes
  1410 | D:3      | Reached *** piety under Trog
  1804 | D:4      | Reached skill level 8 in Axes
  1875 | D:4      | Reached XP level 6. HP: 22/51 MP: 5/5
  2252 | D:4      | Found the +7 Kryia's mail coat {PotionHeal*2 rC+}
  2340 | D:4      | Found an ancient bone altar of Kikubaaqudgha.
  2356 | D:4      | Found a snail-covered altar of Cheibriados.
  2567 | D:5      | Entered Level 5 of the Dungeon
  2574 | D:5      | Reached skill level 9 in Axes
  2583 | D:5      | Reached **** piety under Trog
  2635 | D:5      | Reached XP level 7. HP: 56/57 MP: 6/6
  2761 | D:5      | Reached skill level 10 in Axes
  2798 | D:5      | Found a glowing golden altar of the Shining One.
  2828 | D:5      | Found a basalt altar of Yredelemnul.
  3112 | D:5      | Found a staircase to the Ecumenical Temple.
  3190 | D:5      | Found a runed translucent door.
  3191 | D:5      | Noticed Crazy Yiuf
  3323 | D:5      | Noticed an angel
  3396 | D:5      | Killed Crazy Yiuf
  3458 | D:6      | Reached skill level 11 in Axes
  3632 | D:6      | Noticed a yak
  3633 | D:6      | Noticed a yak
  3633 | D:6      | Noticed a yak
  3633 | D:6      | Noticed a yak
  3634 | D:6      | Noticed a yak
  3668 | D:5      | Killed a yak
  3669 | D:5      | Reached skill level 12 in Axes
  3669 | D:5      | Reached XP level 8. HP: 55/64 MP: 7/7
  3848 | D:6      | Reached skill level 13 in Axes
  3907 | D:6      | Found a blossoming altar of Fedhas.
  4085 | D:6      | Reached skill level 14 in Axes
  4088 | D:6      | Reached XP level 9. HP: 51/70 MP: 8/8
  4187 | D:6      | Identified the +3 leather armour "Kepnye Nick" {rPois rF-
                  | Str+2 Int+2}
  4199 | D:6      | Identified the +1 ring mail of Youthful Indiscretion {rPois
                  | Str+3}
  4243 | D:6      | Reached ***** piety under Trog
  4259 | D:6      | Reached skill level 15 in Axes
  4510 | D:6      | Reached skill level 16 in Axes
  4794 | D:7      | Noticed a +0 dagger
  4799 | D:7      | Noticed a +0 dagger
  4804 | D:7      | Found a hide-covered altar of Uskayaw.
  4943 | D:7      | Found an opulent altar of Gozag.
  4950 | D:7      | Found a stormy altar of Qazlal.
  4950 | D:7      | Found a shimmering altar of Xom.
  4951 | D:7      | Found a shadowy altar of Dithmenos.
  5003 | D:7      | Noticed Sigmund
  5015 | D:7      | Killed Sigmund
  5310 | D:8      | Found a transporter.
  5392 | D:8      | Noticed a wolf spider
  5396 | D:8      | Noticed a death yak
  5397 | D:8      | Noticed a death yak
  5403 | D:8      | Noticed a death yak
  5413 | D:7      | Killed a death yak
  5414 | D:7      | Reached skill level 17 in Axes
  5414 | D:7      | Reached XP level 10. HP: 38/77 MP: 9/9
  5416 | D:7      | Killed a death yak
  5707 | D:7      | Killed a death yak
  5708 | D:7      | Reached skill level 18 in Axes
  5923 | D:8      | Found a staircase to the Lair.
  6095 | D:8      | Noticed Morbidden's ghost (novice DsCj)
  6127 | D:8      | Found a transporter.
  6258 | D:8      | Found a bloodstained altar of Trog.
  6398 | D:8      | Reached skill level 19 in Axes
  6693 | D:9      | Found a sacrificial altar of Ru.
  7287 | D:9      | Reached XP level 11. HP: 80/82 MP: 10/10
  7714 | D:10     | Entered Level 10 of the Dungeon
  7733 | D:10     | Noticed Sonja
  7742 | D:10     | HP: 5/123 [poisoned by Sonja]
  7743 | D:10     | Succumbed to Sonja's poison

Illustrated notes

Levels and vault maps discovered:
D:1:      amcnicky_arrival_feature_with_door, layout_rooms, serial_bayou,
          serial_bayou_pond_d, serial_bayou_lake_a, serial_bayou_pond_b,
          serial_bayou_shore_a, serial_bayou_pond_b, serial_bayou_ford_a,
          hellmonk_ecumenical_altar_lost_god
D:2:      minmay_roachtagon, layout_rooms, basic_altar
D:3:      layout_rooms, chequers_garden
D:4:      layout_cave_pods, mainiacjoe_overflow_big_doors,
          hangedman_abyss_or_decor_lesser_grid
D:5:      layout_loops_cross, grunt_temple_overflow_holy_war,
          minmay_temple_entry_mini_moons, uniq_crazy_yiuf_cottage
D:6:      cheibrodos_fertilizer, layout_cave_pools, fedhas_altar_decomposition,
          hellmonk_bongcloud_opening
D:7:      layout_basic, minitemple, dancing_weapons_uskayaw, minmay_liquid_box,
          sigmund_army
D:8:      layout_rooms, mainiacjoe_overflow_brackets, dpeg_lair_monsters,
          gammafunk_ghost_arena, minmay_statues_item,
          hangedman_abyss_or_decor_passed, nrook_mini_vaults, roderic_lattice_a
D:9:      layout_basic, mainiacjoe_overflow_small_starburst,
          hangedman_abyss_or_decor_stagger
D:10:     layout_long_grid, nrook_uturn, minmay_alternating_orb, uniq_psyche,
          uniq_grum, uniq_sonja

Skill      XL: |  1  2  3  4  5  6  7  8  9 10 |
---------------+-------------------------------+-----
Axes           | 4 5 6 8 9 12 14 17 19 | 19.8
Fighting       | |  3.6
Armour         | |  2.4
Dodging        | |  2.1

Action                   |  1- 3 |  4- 6 |  7- 9 | 10-12 || total
-------------------------+-------+-------+-------+-------++-------
Melee: Hand axe          |    65 |   163 |       |       ||   228
       Headbutt          |    14 |    22 |    31 |    28 ||    95
       Punch             |     2 |     1 |     3 |       ||     6
       Broad axe         |       |    20 |   192 |    71 ||   283
       Battleaxe         |       |       |       |    87 ||    87
Invok: Berserk           |     1 |       |     3 |     1 ||     5
       Trog's Hand       |       |       |       |     1 ||     1
  Use: Scroll            |     1 |     3 |     6 |     1 ||    11
Armor: Animal skin       |     4 |       |       |       ||     4
       Chain mail        |    30 |    86 |       |       ||   116
       Scale mail        |       |     9 |    89 |    49 ||   147
Dodge: Dodged            |    50 |    81 |    63 |    54 ||   248
Block: Other             |       |       |    18 |    26 ||    44
       Reflection        |       |       |       |     1 ||     1

Table legend: (Time is in decaauts)
 A = Elapsed time spent in this place.
 B = Non-inter-level travel time spent in this place.
 C = Inter-level travel time spent in this place.
 D = Time resting spent in this place.
 E = Time spent auto-exploring this place.
 F = Levels seen in this place.
 G = Mean time per level.
                   A        B        C        D        E       F      G
               +--------+--------+--------+--------+--------+-----+--------+
         Total |   7772 |   7613 |    159 |   1217 |   5037 |  10 |  777.2 |
       Dungeon |   7772 |   7613 |    159 |   1217 |   5037 |  10 |  777.2 |
               +--------+--------+--------+--------+--------+-----+--------+

Top non-repeatable levels by time:
     D:7: 1228 daAuts
     D:5: 1060 daAuts
     D:9: 1007 daAuts
     D:4: 976 daAuts
     D:6: 942 daAuts
     D:8: 882 daAuts
     D:1: 762 daAuts
     D:2: 514 daAuts
     D:3: 369 daAuts
    D:10: 29 daAuts
